Map: Newkirk Precinct TE (Void)

Players

Stats - Winner!

  • Race: Protoss Protoss
  • Spawn Location: 5:00

Neeb

  • Race: Protoss Protoss
  • Spawn Location: 7:00

Event: IEM XI Katowice - World Championship 2017

VOD

Have the link to the VOD?

Description

Time

  • Played on: March 2, 2017, 2:01 a.m.
  • Length: 9:56

All games in this series

Show
View Real Time Build Order
Export as new Build Order

Stats Protoss - Winner!

Build Orders: Blink Stalkers 

Get SALT Encoding   

  12  0:00  Probe (Chrono Boost)  
  13  0:11  Probe (Chrono Boost)  
  14  0:17  Pylon  
  14  0:22  Probe (Chrono Boost)  
  15  0:35  Probe (Chrono Boost)  
  16  0:37  Gateway  
  16  0:42  Assimilator  
  16  0:46  Probe (Chrono Boost)  
  17  0:52  Assimilator  
  17  0:56  Probe (Chrono Boost)  
  18  1:07  Probe (Chrono Boost)  
  18  1:08  Gateway  
  19  1:17  Probe (Chrono Boost)  
  20  1:24  Cybernetics Core  
  20  1:28  Probe (Chrono Boost)  
  20  1:32  Pylon  
  21  1:38  Probe (Chrono Boost)  
  22  1:49  Probe (Chrono Boost)  
  23  1:57  Warp Gate  
  23  2:00  Adept x2  
  23  2:01  Mothership Core (Chrono Boost)  
  29  2:08  Pylon  
  29  2:27  Adept  
  29  2:28  Adept  
  33  2:47  Nexus  
  33  2:54  Pylon  
  33  2:59  Stalker  
  36  3:06  Probe (Chrono Boost)  
  36  3:17  Probe (Chrono Boost)  
  35  3:23  Twilight Council  
  35  3:27  Probe (Chrono Boost)  
  35  3:31  Sentry x2  
  40  3:39  Probe (Chrono Boost)  
  41  3:49  Probe (Chrono Boost)  
  41  3:53  Blink  
  42  4:00  Probe (Chrono Boost)  
  43  4:05  Probe (Chrono Boost)  
  43  4:09  Robotics Facility  
  44  4:10  Probe (Chrono Boost)  
  44  4:16  Probe (Chrono Boost)  
  46  4:21  Probe (Chrono Boost)  
  43  4:26  Probe (Chrono Boost)  
  43  4:29  Sentry, Stalker  
  46  4:31  Probe (Chrono Boost)  
  46  4:37  Pylon, Probe (Chrono Boost)  
  48  4:42  Probe (Chrono Boost)  
  49  4:46  Pylon  
  49  4:47  Probe (Chrono Boost)  
  51  4:52  Stalker  
  51  4:53  Stalker  
  51  4:54  Probe (Chrono Boost)  
  51  4:57  Assimilator  
  51  4:59  Observer, Probe (Chrono Boost)  
  56  5:00  Assimilator  
  56  5:06  Probe (Chrono Boost)  
  58  5:11  Probe (Chrono Boost)  
  58  5:13  Pylon  
  59  5:16  Pylon  
  59  5:17  Observer  
  59  5:18  Probe (Chrono Boost)  
  61  5:23  Probe (Chrono Boost)  
  62  5:33  Immortal  
  62  5:35  Gateway  
  62  5:36  Forge  
  66  5:44  Gateway  
  66  5:53  Robotics Bay  
  66  5:56  Stalker  
  68  6:00  Protoss Ground Weapons Level 1  
  68  6:05  Probe x2 (Chrono Boost)  
  68  6:09  Immortal  
  72  6:22  Stalker x2  
  76  6:29  Nexus  
  76  6:32  Pylon  
  76  6:40  Pylon  
  76  6:43  Disruptor  
  76  6:52  Stalker x2  
  76  6:53  Probe x2 (Chrono Boost)  
  85  6:54  Stalker  
  85  6:59  Stalker  
  89  7:05  Probe (Chrono Boost)  
  89  7:06  Pylon, Probe (Chrono Boost)  
  91  7:14  Disruptor  
  91  7:19  Probe x2 (Chrono Boost), Stalker  
  91  7:20  Stalker  
  100  7:26  Stalker  
  100  7:29  Stalker  
  102  7:43  Probe (Chrono Boost)  
  103  7:44  Probe (Chrono Boost)  
  103  7:45  Probe (Chrono Boost)  
  103  7:47  Stalker x2  
  103  7:49  Stalker  
  103  7:51  Assimilator  
  109  7:56  Assimilator  
  109  7:57  Stalker  
  107  8:12  Stalker x2  
  107  8:13  Stalker  
  110  8:25  Stalker  
  109  8:27  Disruptor  
  109  8:29  Probe (Chrono Boost)  
  109  8:31  Probe x2 (Chrono Boost)  
  112  8:41  Stalker x2  
  113  8:44  Stalker  
  115  8:51  Stalker  
  117  8:58  Probe (Chrono Boost)  
  117  8:59  Probe x2 (Chrono Boost), Robotics Facility, Warp Prism  
  122  9:11  Stalker x2  
  126  9:18  Stalker  
  126  9:19  Stalker  
  130  9:36  Stalker  
  124  9:49  Stalker x2  
  124  9:50  Stalker  
  121  9:53  Pylon  
  121  9:55  Pylon  
Show
View Real Time Build Order
Export as new Build Order

Neeb Protoss 

Build Orders:  

Get SALT Encoding   

  12  0:00  Probe (Chrono Boost)  
  13  0:11  Probe (Chrono Boost)  
  14  0:17  Pylon  
  14  0:22  Probe (Chrono Boost)  
  16  0:35  Probe (Chrono Boost)  
  16  0:37  Gateway  
  16  0:46  Probe (Chrono Boost)  
  16  0:47  Assimilator  
  17  0:52  Assimilator  
  17  0:56  Probe (Chrono Boost)  
  18  1:06  Gateway  
  18  1:09  Probe (Chrono Boost)  
  19  1:19  Probe (Chrono Boost)  
  19  1:25  Cybernetics Core  
  20  1:30  Probe (Chrono Boost)  
  21  1:34  Pylon  
  21  1:40  Probe (Chrono Boost)  
  22  1:49  Warp Gate  
  22  1:51  Probe (Chrono Boost)  
  23  2:02  Mothership Core (Chrono Boost)  
  23  2:06  Stalker  
  23  2:08  Stalker  
  29  2:18  Pylon  
  30  2:23  Probe (Chrono Boost)  
  30  2:36  Adept  
  34  2:58  Nexus  
  34  3:02  Pylon  
  34  3:05  Probe (Chrono Boost)  
  32  3:17  Probe (Chrono Boost), Robotics Facility  
  33  3:28  Pylon  
  33  3:29  Probe (Chrono Boost)  
  34  3:37  Twilight Council  
  35  3:41  Probe (Chrono Boost)  
  35  3:46  Pylon  
  35  3:52  Probe (Chrono Boost)  
  36  3:58  Sentry x2  
  41  4:02  Probe (Chrono Boost)  
  41  4:09  Observer  
  42  4:13  Probe (Chrono Boost)  
  42  4:16  Blink  
  41  4:17  Probe (Chrono Boost)  
  43  4:24  Probe (Chrono Boost)  
  43  4:27  Warp Prism  
  43  4:29  Probe (Chrono Boost)  
  43  4:30  Sentry  
  46  4:36  Probe (Chrono Boost)  
  49  4:40  Pylon  
  49  4:41  Probe (Chrono Boost)  
  50  4:48  Pylon, Probe (Chrono Boost)  
  50  4:52  Assimilator  
  52  4:53  Probe (Chrono Boost)  
  52  4:58  Assimilator  
  53  5:00  Probe (Chrono Boost)  
  53  5:03  Adept  
  53  5:05  Probe (Chrono Boost), Immortal  
  61  5:14  Probe (Chrono Boost)  
  61  5:17  Probe (Chrono Boost)  
  62  5:27  Probe (Chrono Boost)  
  64  5:28  Forge  
  64  5:29  Adept  
  64  5:30  Probe (Chrono Boost)  
  64  5:33  Adept  
  68  5:40  Robotics Bay  
  70  5:43  Probe (Chrono Boost)  
  70  5:44  Probe (Chrono Boost)  
  70  5:47  Immortal  
  70  5:50  Protoss Ground Weapons Level 1  
  74  6:08  Pylon  
  74  6:12  Pylon  
  74  6:18  Gateway, Stalker  
  74  6:19  Gateway  
  74  6:22  Pylon  
  74  6:23  Disruptor  
  74  6:32  Stalker  
  81  6:41  Probe x2 (Chrono Boost)  
  81  6:42  Pylon  
  81  6:51  Nexus  
  81  6:54  Disruptor  
  81  7:00  Stalker  
  86  7:06  Stalker  
  88  7:10  Pylon  
  88  7:14  Probe x2 (Chrono Boost)  
  90  7:15  Pylon  
  90  7:18  Stalker  
  90  7:21  Stalker  
  88  7:27  Probe (Chrono Boost)  
  88  7:29  Adept  
  91  7:33  Probe (Chrono Boost)  
  92  7:40  Disruptor  
  92  7:43  Probe (Chrono Boost)  
  92  7:44  Stalker x2  
  97  7:48  Pylon  
  97  7:50  Stalker  
  103  7:53  Probe (Chrono Boost)  
  98  7:59  Stalker  
  102  8:06  Probe x2 (Chrono Boost)  
  102  8:07  Stalker x2  
  102  8:11  Probe (Chrono Boost)  
  105  8:19  Disruptor  
  100  8:22  Stalker x2  
  107  8:28  Probe x2 (Chrono Boost)  
  107  8:29  Probe (Chrono Boost)  
  93  8:43  Stalker x2  
  93  8:46  Gateway  
  93  8:47  Gateway  
  97  8:49  Assimilator  
  97  8:50  Assimilator, Disruptor  
  97  8:56  Sentry  
  97  8:57  Stalker  
  97  9:02  Photon Cannon  
  104  9:14  Robotics Facility  
  104  9:18  Stalker x2  
  106  9:26  Stalker x2  
  103  9:44  Stalker x4  

Tags
 
Add a new tag
Caveats
  • Supply blocks, unpowered buildings, or Contaminate may cause inaccurate times.
  • Supply counts are checked every 10 seconds.